 Dungeon Crawl Stone Soup version 0.28.0-47-ge53b351184 (webtiles) character file.

Game seed: 3738915215608450175

23 styxcanada the Sneak (level 2, 0/15 HPs)
             Began as a Spriggan Brigand on Apr 28, 2022.
             Slain by a gnoll
             ... wielding a +0 club
              (8 damage)
             ... on level 2 of the Dungeon.
             The game lasted 00:03:12 (809 turns).

styxcanada the Sneak (Spriggan Brigand)              Turns: 809, Time: 00:03:12

Health: 0/15       AC:  3    Str:  7    XL:     2   Next: 75%
Magic:  3/3        EV: 17    Int: 12    God:
Gold:   10         SH:  0    Dex: 16    Spells: 1/1 levels left

rFire   . . .      SeeInvis +   a - +2 dagger
rCold   . . .      Faith    .   (no shield)
rNeg    . . .      Spirit   .   b - +0 robe
rPois   .          Reflect  .   (helmet restricted)
rElec   .          Harm     .   c - +0 cloak
rCorr   .          Rampage  .   (gloves unavailable)
Will    .....                   (boots unavailable)
Stlth   +++.......              (no amulet)
HPRegen 0.05/turn               (no ring)
MPRegen 0.08/turn               (no ring)

@: very quick
A: very small, no large weapons, unfitting armour, see invisible, speed 3
a: no special abilities


You were on level 2 of the Dungeon.
You visited 1 branch of the dungeon, and saw 2 of its levels.

You collected 10 gold pieces.

Inventory:

Hand Weapons
 a - a +2 dagger (weapon)
Missiles
 d - 2 poisoned darts (quivered)
 e - 2 curare-tipped darts
 j - 36 stones
Armour
 b - a +0 robe (worn)
 c - a +0 cloak (worn)
Scrolls
 f - a scroll of enchant armour {unknown}
 g - 3 scrolls of identify {unknown}
Potions
 h - a potion of experience {unknown}
 i - a potion of heal wounds {unknown}
 k - 2 potions of brilliance {unknown}


   Skills:
 * Level 1.7 Fighting
 + Level 2.2 Short Blades
 + Level 2.2 Throwing
 * Level 2.0 Dodging
 * Level 6.6 Stealth
 * Level 0.3 Spellcasting


You had one spell level left.
You didn't know any spells.
Your spell library contained the following spells:

 Spells                   Type           Power      Damage    Failure   Level
 Magic Dart               Conj           0%         1d3       32%         1
 Call Imp                 Summ           0%         N/A       43%         2
 Corpse Rot               Necr/Air       0%         N/A       43%         2
 Mephitic Cloud           Conj/Pois/Air  0%         N/A       67%         3
 Dispel Undead            Necr           0%         3d6       97%         4
 Death Channel            Necr           0%         N/A       100%        6


Dungeon Overview and Level Annotations

Branches:
Dungeon (2/15)

Altars:

Shops:
D:1 *([


Innate Abilities, Weirdness & Mutations

You are very small and have problems with some larger weapons.
You are too small for most types of armour.
You have supernaturally acute eyesight. (SInv)
You cover ground extremely quickly. (Speed+++)


Message History

A bat comes into view.
Throw: 5 darts (poison)
Press: ? - help, Q - select action, (/) - cycle Shift-Dir - straight line, f/p - gnoll
Aim: a gnoll, wielding a +0 club (moderately wounded, 64% to hit)
You throw a poisoned dart. The poisoned dart hits the gnoll.
Throw: 4 darts (poison)
Press: ? - help, Q - select action, (/) - cycle Shift-Dir - straight line, f/p - gnoll
Aim: a gnoll, wielding a +0 club (moderately wounded, 64% to hit)
You throw a poisoned dart. The poisoned dart hits the gnoll.
The gnoll looks even sicker.
The gnoll is lightly wounded.
You closely miss the gnoll.
The gnoll is lightly wounded.
The gnoll misses you.
You hit the gnoll.
The gnoll is heavily wounded.
Throw: 3 darts (poison)
Press: ? - help, Q - select action, (/) - cycle Shift-Dir - straight line, f/p - gnoll
Aim: a gnoll, wielding a +0 club (moderately wounded, 64% to hit)
You throw a poisoned dart.
The poisoned dart completely misses the gnoll.
The poisoned dart hits the gnoll.
The gnoll looks as sick as possible!
The gnoll is severely wounded.
You hit the gnoll.
The gnoll is heavily wounded.
You kill the gnoll!
The gnoll closely misses you.
Your Dodging skill increases to level 2!
You hit the gnoll but do no damage.
The gnoll is heavily wounded.
The gnoll barely misses you.
The gnoll hits you from afar with a +0 spear.
You closely miss the gnoll.
The gnoll is heavily wounded.
The gnoll closely misses you.
You hit the gnoll.
The gnoll is heavily wounded.
The gnoll misses you. The gnoll hits you with a +0 club!
Ouch! That really hurt!
You die...

# # .# .#. .... ...
.. .. #.# #. #. #.#
##. .. #.# #.## ##.
#######.####..###..
#.@gg((.(>.....#.#.
#?####.##<.......#.
#. #.##.#.......(
.. #.##.#.#......
##. #.##.#........
.. #.##.###......
#b ..##.# #....##
## ..##......).#
######...#


You could see 2 gnolls and a bat (asleep).

Vanquished Creatures
  A gnoll (D:2)
  2 endoplasms (D:1)
  A giant cockroach (D:1)
  2 goblins (D:1)
  A hobgoblin (D:1)
  A kobold (D:1)
  A ball python (D:1)
  2 bats (D:1)
  A frilled lizard (D:1)
  2 rats
14 creatures vanquished.

Notes
Turn   | Place    | Note
-------+----------+-------------------------------------------
     0 | D:1      | styxcanada the Spriggan Brigand began the quest for the
                  | Orb.
     0 | D:1      | Reached XP level 1. HP: 10/10 MP: 2/2
    19 | D:1      | Found Ygudel's Antique Armour Boutique.
   138 | D:1      | Reached skill level 6 in Stealth
   268 | D:1      | Found Vamacs's General Store.
   279 | D:1      | Reached XP level 2. HP: 15/15 MP: 3/3
   577 | D:1      | Found Vuwaz's Weapon Shop.
   809 | D:2      | Slain by a gnoll

Illustrated notes

Levels and vault maps discovered:
D:1:      beargit_arrival_greenhouse, layout_basic, serial_shops,
          nicolae_square_shop, nicolae_shop_stone, nicolae_shop_window_shopping
D:2:      layout_loops_cross, basic_altar

Skill      XL: |  1  2 |
---------------+-------+-----
Stealth        | 6 |  6.6
Dodging        | 2 |  2.0
Fighting       | |  1.7
Short Blades   | |  2.2
Throwing       | |  2.2
Spellcasting   | |  0.3

Action                   || total
-------------------------++-------
Melee: Dagger            ||    46
       Punch             ||     1
Throw: Dart              ||     7
 Stab: Sleeping          ||     5
Armor: Robe              ||     3
Dodge: Dodged            ||    23
